 Dungeon Crawl Stone Soup version 0.29.1-12-g30fa7ad0bf (webtiles) character file.

Game seed: 10306136019403410060

429 cowcol the Trooper (level 6, 0/56 HPs)
             Began as a Minotaur Chaos Knight on Jan 1, 2023.
             Was a Plaything of Xom.
             Slain by an orc wizard
             ... wielding a +2 dagger of distortion
              (2 damage)
             ... on level 4 of the Dungeon.
             The game lasted 00:11:25 (3131 turns).

cowcol the Trooper (Minotaur Chaos Knight)          Turns: 3131, Time: 00:11:25

Health: 0/56       AC:  7    Str: 16    XL:     6   Next: 66%
Magic:  5/5        EV: 11    Int:  8    God:    Xom [.*....]
Gold:   174        SH:  0    Dex: 15    Spells: 5/5 levels left

rFire   . . .      SeeInvis .   l - +0 demon trident
rCold   . . .      Faith    .   (no shield)
rNeg    . . .      Spirit   .   h - +1 ring mail
rPois   +          Reflect  .   (helmet restricted)
rElec   .          Harm     .   (no cloak)
rCorr   .          Rampage  .   (no gloves)
Will    .....                   (no boots)
Stlth   +.........              (no amulet)
HPRegen 0.18/turn               (no ring)
MPRegen 0.09/turn               (no ring)

@: no status effects
A: horns 2, retaliatory headbutt, agile 1, poison resistance
a: Renounce Religion


You were on level 4 of the Dungeon.
You worshipped Xom.
You were a plaything of Xom.
You visited 1 branch of the dungeon, and saw 4 of its levels.

You collected 174 gold pieces.

Inventory:

Hand Weapons
 a - a +0 hand axe of chaos
 d - a +0 mace
 l - a +0 demon trident (weapon)
 r - a +0 dagger
 v - a +0 war axe
Missiles
 g - 27 stones (quivered)
 n - a throwing net
Armour
 b - a +2 leather armour
 h - a +1 ring mail (worn)
Wands
 p - a wand of flame (20)
Scrolls
 k - a scroll of enchant weapon
 m - a scroll of summoning {unknown}
 s - a scroll of magic mapping {unknown}
 u - a scroll of fear {unknown}
 w - a scroll of identify
 x - a scroll of teleportation {unknown}
Potions
 e - 2 potions of curing
 f - 2 potions of heal wounds {unknown}
 i - 2 potions of haste
 j - 2 potions of ambrosia
 o - a potion of flight {unknown}
 q - a potion of mutation {unknown}
 t - a potion of brilliance {unknown}
Miscellaneous
 c - a piece from Xom's chessboard (14/15)


   Skills:
 + Level 5.1 Fighting
 + Level 4.8(5.6) Axes
 + Level 4.3(5.3) Polearms
 + Level 4.4 Armour
 + Level 2.2 Dodging
 + Level 1.2 Stealth
 + Level 0.1 Evocations


You had 5 spell levels left.
You didn't know any spells.
Your spell library contained the following spells:

 Spells                   Type           Power      Damage    Failure   Level
 Conjure Flame            Conj/Fire      0%         6-21      93%         3
 Dazzling Flash           Conj/Hex       0%         N/A       93%         3
 Ignite Poison            Fire/Tmut/Pois 0%         N/A       93%         3
 Animate Armour           Summ/Erth      0%         N/A       100%        4
 Sticky Flame             Conj/Fire      0%         2d3       100%        4
 Agony                    Necr           0%         N/A       100%        5
 Blade Hands              Tmut           0%         N/A       100%        5
 Silence                  Hex/Air        0%         N/A       100%        5
 Iron Shot                Conj/Erth      0%         9d1       100%        6
 Malign Gateway           Summ/Tloc      0%         N/A       100%        7
 Summon Horrible Things   Summ           0%         N/A       100%        8


Dungeon Overview and Level Annotations

Branches:
Dungeon (4/15)
 Temple: D:4-7

Altars:
Elyvilon
Yredelemnul


Innate Abilities, Weirdness & Mutations

You have a pair of horns on your head.
You reflexively headbutt those who attack you in melee.
You are agile. (Dex +4, Str/Int -1)
Your system is resistant to poisons. (rPois)


Message History

* * * LOW HITPOINT WARNING * * *
You hit the orc priest but do no damage.
You headbutt the orc priest.
You kill the orc priest!
Something hits you.
* * * LOW HITPOINT WARNING * * *
Space warps around you.
* * * LOW HITPOINT WARNING * * *
The orc wizard points at you and mumbles some strange words.
You are confused.
You're too confused to move!
You feel better.
The orc wizard hits you with a +0 dagger.
* * * LOW HITPOINT WARNING * * *
Something hits you.
* * * LOW HITPOINT WARNING * * *
Space warps around you.
* * * LOW HITPOINT WARNING * * *
You feel better.
Xom's power touches on you for a moment.
Your body is suffused with distortional energy.
You feel agile.
You feel resistant to poisons.
You are now a plaything of Xom.
The orc wizard closely misses you. You furiously retaliate!
You headbutt the orc wizard. Something hits you but does no damage.
Space warps around you!
* * * LOW HITPOINT WARNING * * *
Okay, then.
Okay, then.
You make a move on Xom's chessboard...
The orc wizard twists and deforms.
The orc wizard hits you but does no damage.
Something hits you.
* * * LOW HITPOINT WARNING * * *
Space warps around you.
* * * LOW HITPOINT WARNING * * *
Something hits you but does no damage.
You blink.
Something hits you.
* * * LOW HITPOINT WARNING * * *
Something hits you.
You die...

≈#.#.######## ≈#.#.##.....#
.....# ≈#....#.....# #.....#
≈#....#.....# #.....#
##....#$....# ##.....#######
...#..#.....# #............
..##..#.....# #..........# ..
...#.....# #..........# ..
...#.....# #@.h.......#
#+##..#.....####{.........###
...# #####.....).####......#
...# +...o#.....#.†....# ###
#....#.....#{..)..#
#....#.....#..h...#
#....#.....#......#
#....'.....#......#
######+#....#.....#......#


You could see an orc wizard (misshapen) and a jackal.

Vanquished Creatures
  A black bear (D:4)
  A necrophage (D:3)
  A scorpion (D:4)
  2 orc priests (D:4)
  An iguana (D:4)
  An orc wizard (D:3)
  A gnoll (D:2)
  2 adders (D:2)
  A worm (D:2)
  2 dart slugs
  6 orcs
  11 endoplasms
  3 giant cockroaches
  3 hobgoblins
  3 jackals (D:4)
  A quokka (D:2)
  6 ball pythons
  7 bats
  5 frilled lizards
  9 goblins
  9 kobolds
  19 rats
95 creatures vanquished.

Vanquished Creatures (collateral kills)
  An orc (D:4)
1 creature vanquished.

Grand Total: 96 creatures vanquished

Notes
Turn   | Place    | Note
-------+----------+-------------------------------------------
     0 | D:1      | cowcol the Minotaur Chaos Knight began the quest for the
                  | Orb.
     0 | D:1      | Reached XP level 1. HP: 19/19 MP: 0/0
   256 | D:1      | Reached skill level 4 in Fighting
   272 | D:1      | Reached XP level 2. HP: 27/27 MP: 1/1
   471 | D:1      | XOM: divination: detect items
   639 | D:1      | Reached XP level 3. HP: 30/33 MP: 2/2
   920 | D:2      | XOM: 1-stop teleportation journey
  1434 | D:2      | Reached XP level 4. HP: 41/41 MP: 3/3
  1778 | D:2      | Found a faded altar of an unknown god.
  1811 | D:3      | Reached skill level 1 in Polearms
  2333 | D:3      | Noticed a necrophage
  2344 | D:3      | Killed a necrophage
  2345 | D:3      | Reached XP level 5. HP: 42/47 MP: 4/4
  2735 | D:3      | Found a white marble altar of Elyvilon.
  2847 | D:3      | XOM: silly message
  2893 | D:4      | XOM: enchant monster (good)
  2927 | D:4      | Noticed a black bear
  2928 | D:4      | XOM: noise
  2937 | D:4      | Killed a black bear
  2938 | D:4      | Reached skill level 5 in Fighting
  2938 | D:4      | Reached skill level 1 in Stealth
  2938 | D:4      | Reached XP level 6. HP: 39/56 MP: 5/5
  3046 | D:4      | Found a basalt altar of Yredelemnul.
  3052 | D:4      | XOM: 1-stop teleportation journey
  3100 | D:4      | XOM: 2-stop teleportation journey
  3104 | D:4      | XOM: enchant monster (good)
  3126 | D:4      | XOM: give mutations
  3126 | D:4      | Gained mutation: You are agile. (Dex +4, Str/Int -1) [Xom's
                  | grace]
  3126 | D:4      | Gained mutation: Your system is resistant to poisons.
                  | (rPois) [Xom's grace]
  3127 | D:4      | HP: 2/56 [something (4)]
  3131 | D:4      | Slain by an orc wizard

Illustrated notes

Levels and vault maps discovered:
D:1:      dpeg_arrival_rooms_c, layout_basic
D:2:      kb_forest_paths, layout_basic, serial_rivers,
          chequers_serial_rivers_marsh, chequers_serial_rivers_micro_b,
          chequers_serial_rivers_small_a, chequers_serial_rivers_marsh,
          chequers_serial_rivers_room_b, hellmonk_ecumenical_altar_prayer_group,
          minivault_23, minmay_rat_gold_closets
D:3:      layout_basic, mainiacjoe_overflow_alcove_2, roderic_lattice_a,
          minmay_misc_feat_five, minmay_hedge_maze, kennysheep_generic_room_10
D:4:      layout_gridville, mainiacjoe_overflow_cross_hatched,
          general_overflow_altar, minmay_temple_entry_from_below_a

Skill      XL: |  1  2  3  4  5  6 |
---------------+-------------------+-----
Fighting       | 4 5 |  5.1
Axes           | 4 |  4.8
Armour         | 3 4 |  4.4
Polearms       | 2 3 4 |  4.3
Dodging        | 2 |  2.2
Stealth        | 1 |  1.2
Evocations     | |  0.1

Action                   |  1- 3 |  4- 6 || total
-------------------------+-------+-------++-------
Melee: Hand axe          |    68 |       ||    68
       Headbutt          |    10 |    11 ||    21
       Demon trident     |    26 |   100 ||   126
Throw: Stone             |       |     2 ||     2
Evoke: Piece from Xom's  |       |     2 ||     2
  Use: Scroll            |     3 |     3 ||     6
       Potion            |       |     2 ||     2
 Stab: Petrified         |       |     5 ||     5
Armor: Leather armour    |    11 |       ||    11
       Ring mail         |    23 |    39 ||    62
Dodge: Dodged            |    52 |    58 ||   110
